 Dungeon Crawl Stone Soup version 0.19.4-9-g45fd643 (webtiles) character file.

82 dynamoDes the Digger (level 4, 0/24 HPs)
             Began as a Deep Elf Earth Elementalist on Feb 20, 2017.
             Succumbed to kobold's curare-tipped needle
             ... on level 3 of the Dungeon.
             The game lasted 00:10:02 (1882 turns).

dynamoDes the Digger (Deep Elf Earth Elementalist)  Turns: 1882, Time: 00:10:03

Health: 0/24       AC:  2    Str:  6    XL:     4   Next: 21%
Magic:  11/11      EV: 14    Int: 25    God:
Gold:   121        SH:  0    Dex: 15    Spells: 2 memorised, 6 levels left

rFire  . . .     SeeInvis .     a - +0 dagger
rCold  . . .     Gourm    .     c - +0 robe
rNeg   . . .     Faith    .     (no shield)
rPois  .         Spirit   .     (no helmet)
rElec  .         Reflect  .     (no cloak)
rCorr  .         Harm     .     (no gloves)
MR     .....                    (no boots)
Stlth  ++........               j - amulet of magic regeneration
                                l - ring of flight
                                (no ring)

@: brilliant, lethally poisoned (0 -> -9), very slightly contaminated, hasted
and slowed
A: no striking features
a: Evoke Flight


You were on level 3 of the Dungeon.
You were not hungry.

You visited 1 branch of the dungeon, and saw 3 of its levels.

You collected 121 gold pieces.

Inventory:

Hand Weapons
 a - a +0 dagger (weapon)
Missiles
 m - a throwing net (quivered)
 t - 9 poisoned needles
Armour
 c - a +0 robe (worn)
Jewellery
 j - an amulet of magic regeneration (around neck)
 l - a ring of flight (right hand)
 u - a +3 ring of intelligence {unknown}
Scrolls
 b - a scroll of fear {unknown}
 h - a scroll of remove curse
 v - a scroll of noise {unknown}
Potions
 f - a potion of cancellation
 n - a potion of berserk rage
 s - a potion of might
Books
 e - a book of Geomancy

   Spells                             Type                      Level
   a - Sandblast                      Earth                        1
   b - Passwall                       Transmutation/Earth          2
   c - Stone Arrow                    Conjuration/Earth            3
   d - Petrify                        Transmutation/Earth          4
   e - Lee's Rapid Deconstruction     Earth                        5
Comestibles
 d - 3 bread rations
 k - 2 slices of pizza
 p - a meat ration
 q - 7 chunks of flesh
 r - a beef jerky
 w - a royal jelly


   Skills:
 - Level 3.8 Dodging
 + Level 3.4 Stealth
 + Level 3.8 Spellcasting
 + Level 0.2 Conjurations
   Level 1.1 Transmutations
 + Level 3.8 Earth Magic


You had 6 spell levels left.
You knew the following spells:

 Your Spells              Type           Power        Failure   Level  Hunger
a - Sandblast             Erth           #####.       1%          1    None
b - Stone Arrow           Conj/Erth      ####..       1%          3    ##.....


Dungeon Overview and Level Annotations

Branches:
Dungeon (3/15)

Altars:

Annotations:
D:1 exclusion: door


Message History

Aim: a kobold, wielding a blowgun The blast of sand hits the kobold.
You kill the kobold!
* * * LOW HITPOINT WARNING * * *
You feel sick.
As you read the scroll of identify, it crumbles to dust.
s - a potion of might
* * * LOW HITPOINT WARNING * * *
You feel sick.
As you read the scroll of identify, it crumbles to dust.
f - a potion of cancellation
* * * LOW HITPOINT WARNING * * *
You feel sick.
It was a potion of haste.
You feel yourself speed up.
* * * LOW HITPOINT WARNING * * *
You feel sick. The hobgoblin closely misses you.
You are very lightly contaminated with residual magic.
It was a potion of brilliance.
You feel clever all of a sudden.
You die...

..............#
..............#
%.............#
............(.#
........?..K..#
#............#
#.....<....#
#g# #@# #(#
###.## #....###
###(.(.######
##.#......#
#.######.# #..#
##.#


You could see a hobgoblin.

Vanquished Creatures
  4 oozes
  2 worms (D:1)
  4 bats
  5 giant cockroaches
  8 goblins
  4 hobgoblins
  12 jackals
  4 kobolds
  A quokka (D:2)
  2 frilled lizards (D:1)
  7 rats (D:1)
53 creatures vanquished.

Notes
Turn   | Place    | Note
-------+----------+-------------------------------------------
     0 | D:1      | dynamoDes the Deep Elf Earth Elementalist began the quest for the Orb.
     0 | D:1      | Reached XP level 1. HP: 10/10 MP: 6/6
     1 | D:1      | Found a runed door.
   166 | D:1      | Reached XP level 2. HP: 15/15 MP: 2/8
  1011 | D:2      | Reached XP level 3. HP: 15/19 MP: 5/10
  1018 | D:2      | Learned a level 3 spell: Stone Arrow
  1653 | D:1      | Reached XP level 4. HP: 21/24 MP: 0/11
  1881 | D:3      | HP: 1/24 [poisoned by kobold (curare-tipped needle)]
  1882 | D:3      | Succumbed to kobold's curare-tipped needle

Skill      XL: |  1  2  3 |
---------------+----------+-----
Dodging        | 3 |  3.8
Stealth        | 3 |  3.4
Spellcasting   | |  3.8
Conjurations   | |  0.2
Transmutations | |  1.1
Earth Magic    | |  3.8

Action                   |  1- 3 |  4- 6 || total
-------------------------+-------+-------++-------
Melee: Dagger            |    14 |       ||    14
 Cast: Sandblast         |    67 |    17 ||    84
  Use: Scroll            |     3 |     2 ||     5
       Potion            |       |     2 ||     2
 Stab: Sleeping          |     3 |       ||     3
  Eat: Chunk             |     2 |     1 ||     3
Armor: Robe              |    13 |       ||    13
Dodge: Dodged            |    21 |     5 ||    26
